 Dungeon Crawl Stone Soup version 0.22.1-6-g1668fe2 (webtiles) character file.

6535 doot the Destroyer (level 11, -5/58 HPs)
             Began as a Tengu Conjurer on Jan 23, 2019.
             Was a Believer of Vehumet.
             Killed from afar by Josephine (28 damage)
             ... with a ghostly fireball
             ... on level 10 of the Dungeon.
             The game lasted 00:44:17 (12248 turns).

doot the Destroyer (Tengu Conjurer)                Turns: 12248, Time: 00:44:18

Health: -5/58      AC:  6    Str:  8    XL:     11   Next: 1%
Magic:  20/24      EV: 28    Int: 20    God:    Vehumet [**....]
Gold:   131        SH:  0    Dex: 14    Spells: 0/27 levels left

rFire    x . .     SeeInvis .   a - staff of wizardry
rCold    + . .     Gourm    .   (no shield)
rNeg     . . .     Faith    .   M - +0 troll leather armour
rPois    .         Spirit   .   (helmet restricted)
rElec    .         Reflect  .   l - +1 cloak
rCorr    .         Harm     .   (no gloves)
MR       .....                  (boots unavailable)
Stlth    +++.......             u - amulet of the acrobat
HPRegen  0.59/turn              J - ring of ice
MPRegen  0.19/turn              (no ring)

@: about to teleport, heavily drained
A: beak, talons 3, able to fly 1
a: Fly, Renounce Religion


You were on level 10 of the Dungeon.
You worshipped Vehumet.
Vehumet was pleased with you.
You were not hungry.

You visited 2 branches of the dungeon, and saw 11 of its levels.
You also visited: Bailey.

You collected 428 gold pieces.
You spent 297 gold pieces at shops.

Inventory:

Hand Weapons
 b - the +4 halberd of Cheese {chop, Str+5 Int+5}
   (You bought it in a shop on level 10 of the Dungeon)

   It inflicts extra damage upon your enemies.
   It affects your strength (+5).
   It affects your intelligence (+5).
 q - a +3 spear of venom
 z - the +8 hand axe of Gallantry {drain, +Inv rElec Str-5 Dex+5}
   (You found it in a bailey)

   A truly terrible weapon, it drains the life of those it strikes.
   It affects your strength (-5).
   It affects your dexterity (+5).
   It insulates you from electricity.
   It lets you turn invisible.
 E - the cursed +3 falchion "Ulah" {flame, *Drain rF+++ rN+++ MR-}
   (You found it on level 8 of the Dungeon)

   It has been specially enchanted to burn those struck by it, causing extra
   injury to most foes and up to half again as much damage against particularly
   susceptible opponents.
   Big, fiery blades are also staple armaments of hydra-hunters.
   It renders you almost immune to fire.
   It renders you almost immune to negative energy.
   It affects your resistance to hostile enchantments.
   It causes draining when unequipped.
   It has a curse placed upon it.
 F - a +0 whip
 K - a +2 great sword
 O - the +3 glaive "Qefe" {elec, rN+}
   (You found it on level 10 of the Dungeon)

   Occasionally, upon striking a foe, it will discharge some electrical energy
   and cause terrible harm.
   It protects you from negative energy.
Armour
 d - a +0 leather armour
 l - a +1 cloak (worn)
 p - a +0 helmet
 y - a +0 robe
 B - a +0 robe
 L - a cursed +0 buckler
 M - a +0 troll leather armour (worn)
Magical Staves
 a - an uncursed staff of wizardry (weapon)
Jewellery
 u - an amulet of the acrobat (around neck)
 J - a ring of ice (left hand)
Wands
 G - a wand of paralysis (7)
 I - a wand of random effects (65)
Scrolls
 e - 7 scrolls of identify
 g - a scroll of magic mapping
 i - 3 scrolls of immolation
 m - 4 scrolls of blinking
 r - 2 scrolls of enchant armour
 C - 2 scrolls of amnesia
 D - 2 scrolls of teleportation
 N - 2 scrolls of fog {unknown}
Potions
 f - a potion of might {unknown}
 h - 3 potions of lignification
 j - a potion of agility {unknown}
 k - a potion of mutation {unknown}
 n - 2 potions of heal wounds {unknown}
 o - a potion of ambrosia {unknown}
 s - a potion of haste {unknown}
 t - 2 potions of invisibility {unknown}
 v - 2 potions of curing {unknown}
 w - a potion of berserk rage {unknown}
 x - 2 potions of resistance {unknown}
 A - 2 potions of degeneration {unknown}
 H - 4 potions of flight
Comestibles
 c - 16 rations


   Skills:
 + Level 2.4(0.8) Fighting
 + Level 2.1(0.5) Axes
 + Level 1.1(0.0) Staves
 + Level 3.6(2.0) Armour
 + Level 5.2(3.4) Dodging
 + Level 6.8(5.0) Stealth
 + Level 8.9(7.0) Spellcasting
 + Level 12.5(10.4) Conjurations
 + Level 2.3(0.7) Hexes
 + Level 0.2(0.0) Translocations
 + Level 1.2(0.0) Evocations


You couldn't memorise any spells.
You knew the following spells:

 Your Spells              Type           Power        Failure   Level  Hunger
a - Magic Dart            Conj           ####         1%          1    None
b - Searing Ray           Conj           #####.       1%          2    None
c - Fulminant Prism       Conj/Hex       ####......   5%          4    ###....
d - Iskenderun's Mystic   Conj           #####...     1%          4    ###....
e - Force Lance           Conj/Tloc      ####....     6%          4    ###....
f - Lightning Bolt        Conj/Air       ####......   17%         5    #####..
g - Confuse               Hex            #.......     12%         3    #......
h - Sticky Flame          Conj/Fire      ####....     6%          4    ###....

Your spell library contained the following spells:

 Spells                   Type           Power        Failure   Level  Hunger
 Ignite Poison            Fire/Tmut/Pois #.......     16%         3    #......
 Flame Tongue             Conj/Fire      ####.        1%          1    None
 Shock                    Conj/Air       ####         1%          1    None
 Sting                    Conj/Pois      ####         1%          1    None
 Throw Flame              Conj/Fire      ####..       1%          2    None
 Conjure Flame            Conj/Fire      ####....     1%          3    #......
 Dazzling Spray           Conj/Hex       ####..       1%          3    #......
 Static Discharge         Conj/Air       ####....     1%          3    #......
 Corona                   Hex            #......      4%          1    None
 Mephitic Cloud           Conj/Pois/Air  ###.....     4%          3    #......
 Ensorcelled Hibernation  Hex/Ice        ##....       7%          2    None
 Poisonous Vapours        Pois/Air       #.....       9%          2    None
 Swiftness                Chrm/Air       #.......     9%          2    None
 Tukima's Dance           Hex            #.......     12%         3    #......
 Inner Flame              Hex/Fire       #.......     14%         3    #......
 Fireball                 Conj/Fire      ####......   17%         5    #####..
 Venom Bolt               Conj/Pois      ####......   17%         5    #####..
 Airstrike                Air            #.........   45%         4    ###....
 Olgreb's Toxic Radiance  Pois           #.......     45%         4    ###....


Dungeon Overview and Level Annotations

Branches:
Dungeon (10/15)            Temple (1/1) D:4
   Lair: D:8-11         Orc: D:9-12

Altars:
Ashenzari
Cheibriados
Dithmenos
Elyvilon
Fedhas
Gozag
Hepliaklqana
Kikubaaqudgha
Makhleb
Nemelex Xobeh
Okawaru
Qazlal
Ru
Sif Muna
Trog
Uskayaw
Vehumet
Wu Jian
Xom
Yredelemnul
Zin
The Shining One

Shops:
D:3 *   D:10 (

Annotations:
D:10 Josephine


Innate Abilities, Weirdness & Mutations

You have a beak for a mouth.
You have claws for feet.
You can fly.


Message History

You feel drained.
The searing ray hits the wraith.
The wraith completely misses you.
The searing ray misses the wraith.
The wraith barely misses you.
Josephine gestures at you while chanting.
The ghostly flame explodes!
The ghostly fireball engulfs the wraith.
The wraith completely resists.
The ghostly fireball engulfs you!
You feel drained.
The searing ray hits the wraith.
The wraith is lightly damaged.
You finish channeling your searing ray.
The wraith misses you.
Josephine screams, "I'll use your head as a decoration in my hut!"
As you read the scroll of teleportation, it crumbles to dust.
You feel strangely unstable. The wraith misses you.
Josephine casts a spell at you.
The ghostly flame explodes!
The ghostly fireball engulfs the wraith.
The wraith completely resists.
The ghostly fireball engulfs you!
You feel drained.
You die...

#########
###
#.......#
#.##
#.#####.#
.#.### #.#
#.###
###..# #.#
#.@.#
.#.#.# #.#
###W#
#.##.####.#
#.#
#.##......#
#@#
#.^.#######
#.#
###.#.....#
#.#
###.#.....#
#.#
..........#
###.####
....#.....#
#......#


You could see Josephine and a wraith.

Vanquished Creatures
  An unseen horror (D:9)
  Pikel (D:4)
  2 orc knights (Bailey)
  2 trolls (D:9)
  Prince Ribbit (D:5)
  A wyvern (D:7)
  4 yaks (D:9)
  2 hungry ghosts (D:9)
  A black bear (D:6)
  4 orc warriors (Bailey)
  An ice beast (D:9)
  A sky beast (D:7)
  2 phantoms
  5 ogres
  2 centaurs
  3 bullfrogs
  A scorpion (D:5)
  4 killer bees (D:9)
  4 wights (D:9)
  3 howler monkeys
  3 spriggan skeletons (D:9)
  5 jellies (D:9)
  2 orc priests
  4 orc wizards
  2 centaur skeletons (D:9)
  4 hounds
  3 worker ants
  Natasha (thrice) (D:2)
  A hound zombie (D:9)
  A hound skeleton (D:7)
  A worker ant zombie (D:9)
  A gnoll (Bailey)
  6 adders
  A shadow imp (D:9)
  6 oozes
  An adder zombie (D:5)
  A dart slug (D:1)
  6 leopard geckos
  15 orcs
  7 bats
  2 giant cockroaches
  5 goblins
  7 hobgoblins
  2 jackals (D:1)
  A quokka (D:4)
  3 ball pythons
  13 frilled lizards
  20 kobolds
  10 rats
  A fulminant prism (Bailey)
182 creatures vanquished.

Vanquished Creatures (others)
  A quokka (D:5)
  48 fulminant prisms
49 creatures vanquished.

Grand Total: 231 creatures vanquished

Notes
Turn   | Place    | Note
-------+----------+-------------------------------------------
     0 | D:1      | doot the Tengu Conjurer began the quest for the Orb.
     0 | D:1      | Reached XP level 1. HP: 10/10 MP: 4/4
   155 | D:1      | Reached XP level 2. HP: 15/15 MP: 0/6
   317 | D:1      | Learned a level 2 spell: Searing Ray
   534 | D:2      | Reached skill level 6 in Conjurations
  1202 | D:1      | Reached XP level 3. HP: 19/19 MP: 4/7
  1926 | D:2      | Noticed Natasha
  1991 | D:3      | Reached XP level 4. HP: 24/24 MP: 6/8
  1997 | D:3      | Learned a level 4 spell: Fulminant Prism
  2053 | D:2      | Killed Natasha
  2053 | D:2      | Reached skill level 1 in Armour
  2236 | D:2      | Noticed Natasha
  2240 | D:2      | Killed Natasha
  2240 | D:2      | Reached skill level 7 in Conjurations
  2280 | D:2      | Noticed Natasha
  2288 | D:2      | Killed Natasha
  2288 | D:2      | Gained mutation: You can fly. [Tengu growth]
  2288 | D:2      | Reached XP level 5. HP: 28/28 MP: 4/10
  2419 | D:3      | Found Zin's Purification Station.
  2419 | D:3      | Found a glowing silver altar of Zin.
  3688 | D:4      | Noticed an ogre
  3694 | D:4      | Found a staircase to the Ecumenical Temple.
  3698 | D:4      | Killed an ogre
  3698 | D:4      | Reached XP level 6. HP: 32/32 MP: 5/11
  4051 | D:4      | Learned a level 4 spell: Iskenderun's Mystic Blast
  4092 | Temple   | Entered the Ecumenical Temple
  4241 | Temple   | Became a worshipper of Vehumet
  4566 | D:4      | Reached skill level 8 in Conjurations
  4784 | D:5      | Entered Level 5 of the Dungeon
  4805 | D:5      | Reached XP level 7. HP: 36/36 MP: 5/13
  4926 | D:5      | Noticed Prince Ribbit
  5535 | D:5      | Killed Prince Ribbit
  5535 | D:5      | Reached skill level 9 in Conjurations
  5728 | D:5      | Found a white marble altar of Elyvilon.
  5913 | D:5      | Noticed Pikel
  5926 | D:4      | Killed Pikel
  5926 | D:4      | Reached skill level 5 in Spellcasting
  5926 | D:4      | Reached XP level 8. HP: 28/41 MP: 6/16
  6221 | D:5      | Found a burning altar of Makhleb.
  6222 | D:5      | Found a glowing golden altar of the Shining One.
  6415 | D:6      | Reached skill level 10 in Conjurations
  6481 | D:6      | Learned a level 4 spell: Force Lance
  6599 | D:6      | Found a shattered altar of Ashenzari.
  6932 | D:6      | Found a sparkling altar of Nemelex Xobeh.
  7337 | D:7      | Reached XP level 9. HP: 29/45 MP: 10/19
  7474 | D:7      | Learned a level 5 spell: Lightning Bolt
  7856 | D:7      | Found a deep blue altar of Sif Muna.
  7929 | D:7      | Reached * piety under Vehumet
  7929 | D:7      | Offered knowledge of Freeze by Vehumet.
  8333 | D:8      | Got a warped falchion
  8336 | D:8      | Identified the cursed +3 falchion "Ulah" {flame, *Drain
                  | rF+++ rN+++ MR-} (You found it on level 8 of the Dungeon)
  8340 | D:8      | Reached skill level 11 in Conjurations
  8488 | D:8      | Found a flagged portal.
  8496 | Bailey   | Entered a bailey
  8503 | Bailey   | Noticed an orc knight
  8578 | Bailey   | Noticed an orc knight
  8642 | Bailey   | Reached skill level 5 in Stealth
  8642 | Bailey   | Reached skill level 1 in Hexes
  8862 | Bailey   | Got a twisted hand axe
  8863 | Bailey   | Identified the +8 hand axe of Gallantry {drain, +Inv rElec
                  | Str-5 Dex+5} (You found it in a bailey)
  9533 | Bailey   | Killed an orc knight
  9653 | Bailey   | Offered knowledge of Throw Frost by Vehumet.
  9892 | Bailey   | Killed an orc knight
  9892 | Bailey   | Reached ** piety under Vehumet
  9892 | Bailey   | Reached skill level 1 in Fighting
  9892 | Bailey   | Reached skill level 1 in Axes
  9892 | Bailey   | Reached skill level 1 in Evocations
  9892 | Bailey   | Reached XP level 10. HP: 44/52 MP: 10/22
 10088 | D:8      | Learned a level 3 spell: Confuse
 10492 | D:9      | Reached skill level 12 in Conjurations
 10937 | D:9      | Reached skill level 1 in Staves
 10997 | D:9      | Offered knowledge of Ignite Poison by Vehumet.
 11834 | D:9      | Killed an unseen horror
 11834 | D:9      | Reached skill level 5 in Dodging
 12092 | D:10     | Entered Level 10 of the Dungeon
 12092 | D:10     | Found Veczotuhae's Antique Weapon Emporium.
 12101 | D:10     | Got a steaming glaive
 12106 | D:9      | Identified the +3 glaive "Qefe" {elec, rN+} (You found it
                  | on level 10 of the Dungeon)
 12120 | D:10     | Reached XP level 11. HP: 58/58 MP: 18/24
 12128 | D:10     | Learned a level 4 spell: Sticky Flame
 12133 | D:10     | Bought an encrusted halberd for 297 gold pieces
 12133 | D:10     | Identified the +4 halberd of Cheese {chop, Str+5 Int+5}
                  | (You bought it in a shop on level 10 of the Dungeon)
 12142 | D:10     | Found a sparkling altar of Nemelex Xobeh.
 12226 | D:10     | Noticed Josephine
 12248 | D:10     | Killed from afar by Josephine

Skill      XL: |  1  2  3  4  5  6  7  8  9 10 |
---------------+-------------------------------+-----
Conjurations   | 6 7 8 9 10 11 12 | 12.5
Armour         | 1 2 3 |  3.6
Spellcasting   | 3 5 6 7 8 |  8.9
Dodging        | 3 5 |  5.2
Stealth        | 3 4 6 |  6.8
Hexes          | 1 2 |  2.3
Fighting       | 1 2 |  2.4
Axes           | 1 2 |  2.1
Evocations     | 1 |  1.2
Staves         | 1 |  1.1
Translocations | |  0.2

Action                   |  1- 3 |  4- 6 |  7- 9 | 10-12 || total
-------------------------+-------+-------+-------+-------++-------
Melee: Whip              |     2 |     5 |       |       ||     7
       Kick              |     1 |       |     5 |     4 ||    10
       Spear             |       |     3 |     5 |       ||     8
       Staff             |       |       |     4 |    10 ||    14
       Hand axe          |       |       |     9 |       ||     9
       Peck              |       |       |     5 |     1 ||     6
 Cast: Magic Dart        |    64 |    50 |   112 |    66 ||   292
       Searing Ray       |     2 |     8 |    24 |    29 ||    63
       Fulminant Prism   |       |     2 |    33 |    14 ||    49
       Iskenderun's Myst |       |     1 |       |     6 ||     7
       Force Lance       |       |       |     3 |       ||     3
       Lightning Bolt    |       |       |     1 |       ||     1
 Abil: Fly               |       |       |    10 |       ||    10
Evoke: Wand              |       |       |     8 |       ||     8
  Use: Scroll            |       |     7 |     6 |     4 ||    17
 Stab: Paralysed         |       |       |    12 |       ||    12
  Eat: Chunk             |     4 |     9 |     8 |     8 ||    29
       Ration            |       |       |     4 |     1 ||     5
Armor: Leather armour    |     5 |     5 |       |       ||    10
       Robe              |       |       |    10 |     6 ||    16
       Troll leather arm |       |       |       |     6 ||     6
Dodge: Dodged            |    10 |    15 |    45 |    80 ||   150
